 Dungeon Crawl Stone Soup version 0.24.1-14-gf8d2b509d9 (webtiles) character file.

Game seed: 5717174987416672441, levelgen mode: deterministic

374 Hugehornet the Cudgeler (level 6, -6/59 HPs)
             Began as a Troll Fighter on May 22, 2020.
             Mangled by a gnoll
             ... wielding a +2 whip of electrocution
              (17 damage)
             ... on level 5 of the Dungeon.
             The game lasted 00:05:15 (2526 turns).

Hugehornet the Cudgeler (Troll Fighter)             Turns: 2526, Time: 00:05:16

Health: -6/59      AC:  7    Str: 25    XL:     6   Next: 43%
Magic:  5/5        EV: 10    Int:  6    God:
Gold:   128        SH:  4    Dex:  9    Spells: 5/5 levels left

rFire    . . .     SeeInvis .   u - +2 morningstar (holy)
rCold    . . .     Gourm    +   (no shield)
rNeg     . . .     Faith    .   b - +0 robe
rPois    .         Spirit   .   (helmet restricted)
rElec    .         Reflect  +   h - +0 cloak
rCorr    .         Harm     .   (gloves unavailable)
MR       .....                  (boots unavailable)
Stlth    +.........             g - +4 amulet of reflection
HPRegen  0.59/turn              (no ring)
MPRegen  0.09/turn              (no ring)

@: no status effects
A: large, unfitting armour, claws 3, fast metabolism 3, gourmand, regeneration
1, shaggy fur 1, tough skin 3
a: no special abilities


You were on level 5 of the Dungeon.
You were completely stuffed.

You visited 1 branch of the dungeon, and saw 4 of its levels.

You collected 128 gold pieces.

Inventory:

Hand Weapons
 a - a +0 flail
 u - a +2 morningstar of holy wrath (weapon)
Armour
 b - a +0 robe (worn)
 c - a +0 shield
 h - a +0 cloak (worn)
Jewellery
 g - a +4 amulet of reflection (around neck)
Wands
 t - a wand of digging (5)
Scrolls
 i - a scroll of amnesia {unknown}
 j - 2 scrolls of immolation {unknown}
 k - 2 scrolls of noise {unknown}
 m - a scroll of fear {unknown}
 n - a scroll of fog {unknown}
 o - 2 scrolls of identify {unknown}
 s - a scroll of remove curse {unknown}
Potions
 d - a potion of might
 e - a potion of berserk rage {unknown}
 l - 2 potions of heal wounds {unknown}
 p - a potion of haste {unknown}
 q - a potion of curing {unknown}
 r - a potion of lignification {unknown}
Comestibles
 f - 7 rations
 v - 6 chunks of flesh


   Skills:
 - Level 2.4 Fighting
 + Level 6.3 Maces & Flails
 - Level 2.4 Dodging
 - Level 2.4 Shields


You had 5 spell levels left.
You didn't know any spells.
Your spell library was empty.

Dungeon Overview and Level Annotations

Branches:
Dungeon (3/15)

Altars:


Innate Abilities, Weirdness & Mutations

You are too large for most types of armour.
You have claws for hands.
Your metabolism is lightning-fast.
You like to eat raw meat.
Your natural rate of healing is unusually fast.
You are covered in fur. (AC +1)
You have extremely tough skin. (AC +3)


Message History

You are too injured to fight recklessly!
You are too injured to fight recklessly!
You are too injured to fight recklessly!
You are too injured to fight recklessly!
You are too injured to fight recklessly!
You are too injured to fight recklessly!
You are too injured to fight recklessly!
You are too injured to fight recklessly!
You are too injured to fight recklessly!
You are too injured to fight recklessly!
You are too injured to fight recklessly!
You are too injured to fight recklessly!
You are too injured to fight recklessly!
You are too injured to fight recklessly!
Unknown command.
You are too injured to fight recklessly!
The gnoll hits you with a +2 whip of electrocution.
* * * LOW HITPOINT WARNING * * *
You are electrocuted!
You die...

.# ####+#.# #.# ......#
#.# .....# #.# ....######
#.# #.#g...... #.#
#o.......#
#######.######gg.#
...>.........@...#
#########.######...#
#....รท.........#...#
##'#######.#.##.##'#####.
#.......##...............#
'.......#######.#.######..
#.......# #.....#.#
........# #.....#.#
.######## #####.#.#


You could see 3 gnolls and an orc.

Vanquished Creatures
  A centaur zombie (D:5)
  A quasit (D:5)
  An orc wizard (D:3)
  A hound (D:5)
  Jessica (D:3)
  Terence (D:2)
  Ijyb (D:3)
  A worker ant zombie (D:5)
  6 adders
  2 oozes (D:3)
  An adder skeleton (D:5)
  A worm (D:2)
  2 dart slugs
  A leopard gecko (D:1)
  9 orcs (D:3)
  7 bats
  6 giant cockroaches
  10 goblins
  9 hobgoblins
  8 jackals (D:5)
  2 quokkas (D:2)
  6 frilled lizards
  3 kobolds
  4 rats (D:2)
85 creatures vanquished.

Notes
Turn   | Place    | Note
-------+----------+-------------------------------------------
     0 | D:1      | Hugehornet the Troll Fighter began the quest for the Orb.
     0 | D:1      | Reached XP level 1. HP: 22/22 MP: 0/0
    25 | D:1      | Reached skill level 2 in Maces & Flails
   146 | D:1      | Reached XP level 2. HP: 29/29 MP: 1/1
   352 | D:1      | Reached skill level 3 in Maces & Flails
   681 | D:2      | Found a faded altar of an unknown god.
   729 | D:2      | Reached XP level 3. HP: 18/36 MP: 2/2
  1044 | D:2      | Reached skill level 4 in Maces & Flails
  1044 | D:2      | Reached XP level 4. HP: 30/44 MP: 3/3
  1148 | D:2      | Noticed Terence
  1157 | D:2      | Killed Terence
  1648 | D:3      | Noticed Jessica
  1658 | D:3      | Killed Jessica
  1658 | D:3      | Reached XP level 5. HP: 46/50 MP: 4/4
  1864 | D:3      | Reached skill level 5 in Maces & Flails
  2164 | D:3      | Noticed Ijyb
  2178 | D:3      | Killed Ijyb
  2311 | D:3      | You fall into a shaft and drop 2 floors!
  2311 | D:5      | Entered Level 5 of the Dungeon
  2328 | D:5      | Reached XP level 6. HP: 43/59 MP: 5/5
  2458 | D:5      | Reached skill level 6 in Maces & Flails
  2526 | D:5      | Mangled by a gnoll

Levels and vault maps discovered:
D:1:      nzn_arrival_settlement, layout_loops_ring
D:2:      layout_loops_ring, chequers_ecumenical_altar_simple, uniq_terence
D:3:      layout_loops_corners, first_ration, uniq_robin, uniq_ijyb,
          uniq_jessica
D:5:      layout_basic, uniq_pikel

Skill      XL: |  1  2  3  4  5  6 |
---------------+-------------------+-----
Maces & Flails | 2 3 4 5 6 |  6.3
Fighting       | |  2.4
Dodging        | |  2.4
Shields        | |  2.4

Action                   |  1- 3 |  4- 6 || total
-------------------------+-------+-------++-------
Melee: Flail             |   153 |   123 ||   276
       Morningstar       |       |    70 ||    70
 Stab: Sleeping          |     1 |       ||     1
  Eat: Chunk             |    13 |    17 ||    30
Armor: Robe              |    74 |    92 ||   166
Dodge: Dodged            |    75 |    92 ||   167
Block: Shield            |    81 |    13 ||    94
       Other             |       |    34 ||    34
       Reflection        |       |     3 ||     3
